TOP OF THE 1ST |
Florida Men batting - Pitching for Salt Lake City Buzz : LHP Elisheba Petershwim
|
Pitching: LHP Elisheba Petershwim
|
|
Batting: RHB Chang-lit Min
|
0-0: Ball 1-0: Fly out, F9 (Flyball, 9D, EV 81.2 MPH)
|
Batting: LHB Jacques Viceronte
|
0-0: Ball 1-0: Ball 2-0: Swinging Strike 2-1: Called Strike 2-2: Ball 3-2: Foul Ball, location: 2F 3-2: Foul Ball, location: 2F 3-2: Base on Balls
|
Batting: RHB Matsudaira Sugahara
|
0-0: Called Strike 0-1: Called Strike 0-2: Ball 1-2: Foul Ball, location: 2F 1-2: Fielders Choice at 2nd, U6 (Groundball, 4M, EV 82.5 MPH)
|
Batting: RHB Tristan Eikelenboom
|
0-0: Called Strike 0-1: Fielders Choice at 2nd, 6-4 (Groundball, 6, EV 91.2 MPH)
|
Top of the 1st over - 0 runs, 0 hits, 0 errors, 1 left on base; Florida 0 - Salt Lake City 0 |
BOTTOM OF THE 1ST |
Salt Lake City Buzz batting - Pitching for Florida Men : RHP Roy Bell
|
Pitching: RHP Roy Bell
|
|
Batting: SHB Cheong-hun Kang
|
0-0: Ball 1-0: Swinging Strike 1-1: Swinging Strike 1-2: Ground out 4-3 (Groundball, 4, EV 75.6 MPH)
|
Batting: RHB Hui-ying Sun
|
0-0: Foul Ball, location: 2F 0-1: Ground out 5-3 (Groundball, 56, EV 82.5 MPH)
|
Batting: LHB Orlando Casillas
|
0-0: Foul Ball, location: 2F 0-1: Ball 1-1: SINGLE (Groundball, 4MD, EV 95.0 MPH)
|
Batting: RHB Scott Ramsey
|
0-0: Ball 1-0: Ball 2-0: Fly out, F5 (Popup, 5, EV 65.6 MPH)
|
Bottom of the 1st over - 0 runs, 1 hit, 0 errors, 1 left on base; Florida 0 - Salt Lake City 0 |
TOP OF THE 2ND |
Florida Men batting - Pitching for Salt Lake City Buzz : LHP Elisheba Petershwim
|
Batting: LHB Ronald Anderson
|
0-0: Ball 1-0: Foul Ball, location: 2F 1-1: Called Strike 1-2: Ball 2-2: Strikes out swinging
|
Batting: LHB Duncan Witteman
|
0-0: Fly out, F8 (Line Drive, 8RM, EV 88.8 MPH)
|
Batting: LHB Basava Puri
|
0-0: Ball 1-0: Swinging Strike 1-1: Ball 2-1: Foul Ball, location: 2F 2-2: Ball 3-2: Strikes out swinging
|
Top of the 2nd over - 0 runs, 0 hits, 0 errors, 0 left on base; Florida 0 - Salt Lake City 0 |
BOTTOM OF THE 2ND |
Salt Lake City Buzz batting - Pitching for Florida Men : RHP Roy Bell
|
Batting: LHB Jackson Curry
|
0-0: SINGLE (Line Drive, 8RS, EV 102.5 MPH)
|
Batting: RHB Fytor Ceia
|
0-0: Called Strike 0-1: DOUBLE (Line Drive, 89M, EV 98.1 MPH) Jackson Curry to third
|
Batting: RHB Ernesto Rivera
|
0-0: Foul Ball, location: 2F 0-1: Ball 1-1: Swinging Strike 1-2: SINGLE (Flyball, 34D, EV 90.6 MPH) Jackson Curry scores Fytor Ceia to third
|
Batting: RHB Cody Jaeckel
|
0-0: Ball 1-0: DOUBLE (Line Drive, 9LD, EV 102.5 MPH) Fytor Ceia scores Ernesto Rivera to third Runner from 3rd tries for Home, SAFE, no throw by RF
|
Batting: RHB Frank Simon
|
0-0: Swinging Strike 0-1: Ground out U3 (Groundball, 34, EV 91.9 MPH) Cody Jaeckel to third
|
Batting: SHB Cheong-hun Kang
|
0-0: Ball 1-0: Ball 2-0: Ball 3-0: Called Strike 3-1: Foul Ball, location: 2F 3-2: Base on Balls
|
Batting: RHB Hui-ying Sun
|
0-0: Fly out, F7 (Flyball, 7LS, EV 76.9 MPH) Runner from 3rd tags up, SCORES, throw by LF
|
Batting: LHB Orlando Casillas
|
0-0: Called Strike Cheong-hun Kang steals 2nd base (no throw) 0-1: Called Strike 0-2: Ball 1-2: SINGLE (Line Drive, 34D, EV 95.0 MPH) Cheong-hun Kang to third Runner from 3rd tries for Home, SAFE, throw by RF to home Orlando Casillas to second
|
Batting: RHB Scott Ramsey
|
0-0: Ball 1-0: SINGLE (Groundball, 56D, EV 96.9 MPH) Orlando Casillas to third Runner from 3rd tries for Home, SAFE, throw by LF to home
|
Pitching: RHP Robert Cagle
|
|
Batting: LHB Jackson Curry
|
0-0: Swinging Strike 0-1: Ball 1-1: Fly out, F7 (Line Drive, 7D, EV 86.9 MPH)
|
Bottom of the 2nd over - 6 runs, 6 hits, 0 errors, 1 left on base; Florida 0 - Salt Lake City 6 |
TOP OF THE 3RD |
Florida Men batting - Pitching for Salt Lake City Buzz : LHP Elisheba Petershwim
|
Batting: RHB Marcos Alfaro
|
0-0: Ball 1-0: Foul Ball, location: 2F 1-1: Ball 2-1: Swinging Strike 2-2: Ball 3-2: Base on Balls
|
Batting: LHB Peter Metellus
|
0-0: Ball 1-0: Foul Ball, location: 2F 1-1: Swinging Strike 1-2: Ball 2-2: Ball 3-2: SINGLE (Line Drive, 89M, EV 110.0 MPH) Marcos Alfaro to second Marcos Alfaro to third
|
Batting: RHB Chang-lit Min
|
0-0: Fly out, F9 (Flyball, 9, EV 81.9 MPH) Runner from 3rd tags up, SCORES, no throw by RF
|
Batting: LHB Jacques Viceronte
|
0-0: Ball 1-0: Swinging Strike 1-1: Ball 2-1: Foul Ball, location: 2F 2-2: Fielders Choice at 2nd, 6-4 (Groundball, 6, EV 81.2 MPH)
|
Batting: RHB Matsudaira Sugahara
|
0-0: DOUBLE (Flyball, 78D, EV 105.0 MPH) Jacques Viceronte to third Runner from 3rd tries for Home, SAFE, no throw by LF
|
Batting: RHB Tristan Eikelenboom
|
0-0: Ball 1-0: Called Strike 1-1: Called Strike 1-2: Ball 2-2: Foul Ball, location: 2F 2-2: Strikes out swinging
|
Top of the 3rd over - 2 runs, 2 hits, 0 errors, 1 left on base; Florida 2 - Salt Lake City 6 |
BOTTOM OF THE 3RD |
Salt Lake City Buzz batting - Pitching for Florida Men : RHP Robert Cagle
|
Batting: RHB Fytor Ceia
|
0-0: Ball 1-0: Swinging Strike 1-1: Foul Ball, location: 2F 1-2: Ball 2-2: Ball 3-2: Ground out 5-3 (Groundball, 56, EV 85.6 MPH)
|
Batting: RHB Ernesto Rivera
|
0-0: Called Strike 0-1: Ball 1-1: Ball 2-1: Ball 3-1: Base on Balls
|
Batting: RHB Cody Jaeckel
|
0-0: Ball 1-0: Foul Ball, location: 2F 1-1: Ball 2-1: Ball 3-1: Called Strike 3-2: Base on Balls Ernesto Rivera to second
|
Batting: RHB Frank Simon
|
0-0: Ball 1-0: Fly out, F8 (Flyball, 8LS, EV 73.1 MPH)
|
Batting: SHB Cheong-hun Kang
|
0-0: Foul Ball, location: 2F 0-1: Ball 1-1: Ball 2-1: Ball 3-1: Called Strike 3-2: Fly out, F3 (Line Drive, 3, EV 73.8 MPH)
|
Bottom of the 3rd over - 0 runs, 0 hits, 0 errors, 2 left on base; Florida 2 - Salt Lake City 6 |
TOP OF THE 4TH |
Florida Men batting - Pitching for Salt Lake City Buzz : LHP Elisheba Petershwim
|
Batting: LHB Ronald Anderson
|
0-0: Ball 1-0: Ball 2-0: SINGLE (Flyball, 89S, EV 86.2 MPH)
|
Batting: LHB Duncan Witteman
|
0-0: Ball 1-0: Swinging Strike 1-1: Foul Ball, location: 2F 1-2: Ball 2-2: Ball 3-2: Fly out, F8 (Flyball, 8LM, EV 96.9 MPH)
|
Batting: LHB Basava Puri
|
0-0: Ball Wild Pitch! Ronald Anderson to second 1-0: Called Strike Ronald Anderson steals 3rd base (no throw) 1-1: Called Strike 1-2: Foul Ball, location: 2F 1-2: Foul Ball, location: 2F 1-2: Ball 2-2: SINGLE (Groundball, 6MD, EV 101.9 MPH) Ronald Anderson scores
|
Batting: RHB Marcos Alfaro
|
0-0: Ball 1-0: Swinging Strike 1-1: Ball 2-1: SINGLE (Line Drive, 7S, EV 98.1 MPH) Basava Puri to second
|
Batting: LHB Peter Metellus
|
0-0: Called Strike 0-1: Ball 1-1: Called Strike 1-2: Strikes out looking
|
Batting: RHB Chang-lit Min
|
0-0: Ball 1-0: Ball 2-0: Called Strike 2-1: Ball 3-1: Foul Ball, location: 2F 3-2: SINGLE (Flyball, 9S, EV 98.8 MPH) Basava Puri to third Marcos Alfaro to second Basava Puri scores Marcos Alfaro to third
|
Batting: LHB Jacques Viceronte
|
0-0: Called Strike 0-1: Called Strike 0-2: Ground out 3-1 (Groundball, 3, EV 106.9 MPH)
|
Top of the 4th over - 2 runs, 4 hits, 0 errors, 2 left on base; Florida 4 - Salt Lake City 6 |
BOTTOM OF THE 4TH |
Salt Lake City Buzz batting - Pitching for Florida Men : RHP Robert Cagle
|
Batting: RHB Hui-ying Sun
|
0-0: Ball 1-0: Ball 2-0: Ball 3-0: Base on Balls
|
Batting: LHB Orlando Casillas
|
0-0: Ball 1-0: Ball 2-0: Fly out, F7 (Flyball, 7LSF, EV 94.4 MPH)
|
Batting: RHB Scott Ramsey
|
0-0: Ball 1-0: Ball Balk! Hui-ying Sun to second 2-0: Foul Ball, location: 2F 2-1: Called Strike 2-2: Ball 3-2: Fly out, F7 (Flyball, 7S, EV 93.8 MPH)
|
Batting: LHB Jackson Curry
|
0-0: Ball 1-0: Foul Ball, location: 2F 1-1: Swinging Strike 1-2: Fly out, F8 (Flyball, 78D, EV 104.4 MPH)
|
Bottom of the 4th over - 0 runs, 0 hits, 0 errors, 1 left on base; Florida 4 - Salt Lake City 6 |
TOP OF THE 5TH |
Florida Men batting - Pitching for Salt Lake City Buzz : LHP Elisheba Petershwim
|
Batting: RHB Matsudaira Sugahara
|
0-0: Ball 1-0: Ball 2-0: Swinging Strike 2-1: Ball 3-1: Base on Balls
|
Batting: RHB Tristan Eikelenboom
|
0-0: Called Strike 0-1: SINGLE (Groundball, 4, EV 82.5 MPH) (infield hit) Matsudaira Sugahara to second
|
Batting: LHB Ronald Anderson
|
0-0: Fly out, F9 (Flyball, 9S, EV 70.0 MPH)
|
Batting: LHB Duncan Witteman
|
0-0: Called Strike 0-1: Foul Ball, location: 2F 0-2: Ball 1-2: SINGLE (Groundball, 6D, EV 100.0 MPH) Matsudaira Sugahara to third Tristan Eikelenboom to second Runner from 3rd tries for Home, SAFE, throw by CF to home
|
Batting: LHB Basava Puri
|
0-0: Ball 1-0: Ball 2-0: Called Strike 2-1: Swinging Strike 2-2: Foul Ball, location: 2F 2-2: Ball 3-2: DOUBLE (Line Drive, 89D, EV 103.1 MPH) Tristan Eikelenboom scores Duncan Witteman to third
|
Pitching: RHP Hirohisa Niiya
|
|
Batting: RHB Marcos Alfaro
|
0-0: Called Strike 0-1: Ball 1-1: Ground out 5-3 (Groundball, 56S, EV 91.2 MPH) Duncan Witteman scores
|
Batting: LHB Peter Metellus
|
0-0: Ball 1-0: Ball 2-0: Called Strike 2-1: Ball 3-1: Base on Balls
|
Batting: RHB Chang-lit Min
|
0-0: Swinging Strike 0-1: Fly out, F9 (Flyball, 9LS, EV 88.8 MPH)
|
Top of the 5th over - 3 runs, 3 hits, 0 errors, 2 left on base; Florida 7 - Salt Lake City 6 |
BOTTOM OF THE 5TH |
Salt Lake City Buzz batting - Pitching for Florida Men : RHP Robert Cagle
|
Batting: RHB Fytor Ceia
|
0-0: Swinging Strike 0-1: Ground out 6-3 (Groundball, 6, EV 100.6 MPH)
|
Batting: RHB Ernesto Rivera
|
0-0: Fly out, F6 (Popup, 6S, EV 66.9 MPH)
|
Batting: RHB Cody Jaeckel
|
0-0: Ball 1-0: Fly out, F7 (Flyball, 7LM, EV 81.2 MPH)
|
Bottom of the 5th over - 0 runs, 0 hits, 0 errors, 0 left on base; Florida 7 - Salt Lake City 6 |
TOP OF THE 6TH |
Florida Men batting - Pitching for Salt Lake City Buzz : RHP Hirohisa Niiya
|
Batting: LHB Jacques Viceronte
|
0-0: Foul Ball, location: 2F 0-1: Swinging Strike 0-2: Strikes out looking
|
Batting: RHB Matsudaira Sugahara
|
0-0: Ball 1-0: Foul Ball, location: 2F 1-1: Fly out, F7 (Flyball, 7, EV 88.1 MPH)
|
Batting: RHB Tristan Eikelenboom
|
0-0: Ball 1-0: Ball 2-0: Fly out, F8 (Line Drive, 8RM, EV 95.0 MPH)
|
Top of the 6th over - 0 runs, 0 hits, 0 errors, 0 left on base; Florida 7 - Salt Lake City 6 |
BOTTOM OF THE 6TH |
Salt Lake City Buzz batting - Pitching for Florida Men : RHP Robert Cagle
|
Batting: RHB Frank Simon
|
0-0: Called Strike 0-1: Called Strike 0-2: Ball 1-2: Foul Ball, location: 2F 1-2: SINGLE (Line Drive, 3D, EV 108.1 MPH)
|
Pitching: RHP Atila Freska
|
|
Batting: SHB Cheong-hun Kang
|
0-0: Foul Ball, location: 2F 0-1: Called Strike 0-2: SINGLE (Line Drive, 34D, EV 102.5 MPH) Frank Simon to second
|
Batting: RHB Hui-ying Sun
|
0-0: Bunted foul 0-1: Sac Bunt to 2L - play at first, batter OUT! 2-4 Frank Simon to third Cheong-hun Kang to second
|
Batting: LHB Orlando Casillas
|
0-0: Called Strike 0-1: Ball 1-1: Called Strike 1-2: Ball 2-2: Ball 3-2: Foul Ball, location: 2F 3-2: Base on Balls
|
Batting: RHB Scott Ramsey
|
0-0: Swinging Strike 0-1: Foul Ball, location: 2F 0-2: Ball 1-2: Ball 2-2: Ball 3-2: Fly out, F7 (Flyball, 7, EV 90.6 MPH) Runner from 3rd tags up, SCORES, throw by LF
|
Batting: LHB Jackson Curry
|
0-0: Ball 1-0: Ball 2-0: Foul Ball, location: 2F 2-1: Ball 3-1: Base on Balls Cheong-hun Kang to third Orlando Casillas to second
|
Batting: RHB Fytor Ceia
|
0-0: Fly out, F7 (Flyball, 7S, EV 91.9 MPH)
|
Bottom of the 6th over - 1 run, 2 hits, 0 errors, 3 left on base; Florida 7 - Salt Lake City 7 |
TOP OF THE 7TH |
Florida Men batting - Pitching for Salt Lake City Buzz : RHP Hirohisa Niiya
|
Batting: LHB Ronald Anderson
|
0-0: Ball 1-0: Foul Ball, location: 2F 1-1: Called Strike 1-2: Ball 2-2: Ball 3-2: Fly out, F9 (Flyball, 9, EV 84.4 MPH)
|
Batting: LHB Duncan Witteman
|
0-0: SINGLE (Groundball, 4MD, EV 108.1 MPH)
|
Batting: LHB Basava Puri
|
0-0: Called Strike 0-1: Ball 1-1: Ball 2-1: Ball 3-1: Called Strike 3-2: Foul Ball, location: 2F 3-2: Foul Ball, location: 2F 3-2: Base on Balls Duncan Witteman to second
|
Batting: RHB Marcos Alfaro
|
0-0: Ball 1-0: Ball 2-0: Called Strike 2-1: Reached via error on a dropped throw from SS, E4 (Groundball, 56, EV 90.6 MPH) Duncan Witteman to third Basava Puri to second
|
Batting: LHB Peter Metellus
|
0-0: Grounds into fielders choice 5-2 (Groundball, 56S, EV 70.6 MPH) Basava Puri to third Marcos Alfaro to second
|
Batting: RHB Chang-lit Min
|
0-0: Ball 1-0: Called Strike 1-1: SINGLE (Groundball, 6, EV 84.4 MPH) (infield hit) Basava Puri scores Marcos Alfaro to third Peter Metellus to second
|
Batting: LHB Jacques Viceronte
|
0-0: Ball 1-0: Ball 2-0: Ball 3-0: Called Strike 3-1: Foul Ball, location: 2F 3-2: Foul Ball, location: 2F 3-2: Foul Ball, location: 2F 3-2: Foul Ball, location: 2F 3-2: Foul Ball, location: 2F 3-2: Base on Balls Marcos Alfaro scores Peter Metellus to third Chang-lit Min to second
|
Batting: RHB Matsudaira Sugahara
|
0-0: Ball 1-0: Ball 2-0: Ball 3-0: Base on Balls Peter Metellus scores Chang-lit Min to third Jacques Viceronte to second
|
Pitching: RHP Gunner Hines
|
|
Batting: RHB Tristan Eikelenboom
|
0-0: Called Strike 0-1: Swinging Strike 0-2: SINGLE (Groundball, 6MS, EV 89.4 MPH) (infield hit) Chang-lit Min scores Jacques Viceronte to third Matsudaira Sugahara to second
|
Batting: LHB Ronald Anderson
|
0-0: Ball 1-0: Ball 2-0: Ground out 4-3 (Groundball, 4S, EV 89.4 MPH)
|
Top of the 7th over - 4 runs, 3 hits, 1 error, 3 left on base; Florida 11 - Salt Lake City 7 |
BOTTOM OF THE 7TH |
Salt Lake City Buzz batting - Pitching for Florida Men : RHP Atila Freska
|
Batting: RHB Ernesto Rivera
|
0-0: Ball 1-0: Ball 2-0: Ball 3-0: Called Strike 3-1: Base on Balls
|
Batting: RHB Cody Jaeckel
|
0-0: Ball 1-0: Foul Ball, location: 2F 1-1: Foul Ball, location: 2F 1-2: Ball 2-2: 2-RUN HOME RUN (Flyball, 78XD, EV 95.0 MPH), Distance : 435 ft
|
Batting: RHB Frank Simon
|
0-0: Ball 1-0: Called Strike 1-1: Ball 2-1: Ball 3-1: Base on Balls
|
Pitching: RHP James Davis
|
|
Batting: SHB Cheong-hun Kang
|
0-0: Swinging Strike 0-1: Swinging Strike 0-2: Ball 1-2: Foul Ball, location: 2F 1-2: Strikes out swinging
|
Batting: RHB Hui-ying Sun
|
0-0: Ball 1-0: Called Strike 1-1: Fielders Choice at 2nd, 4-6 (Groundball, 4M, EV 102.5 MPH)
|
Batting: LHB Orlando Casillas
|
0-0: Ball 1-0: Ball 2-0: SINGLE (Groundball, 6D, EV 103.1 MPH) Hui-ying Sun to second Runner from 2nd tries for 3rd, SAFE, no throw by LF
|
Pinch Hitting: LHB Richello Mabait
|
0-0: Ball 1-0: Ball 2-0: Ball 3-0: Base on Balls Orlando Casillas to second
|
Batting: LHB Jackson Curry
|
0-0: Called Strike 0-1: Ball 1-1: Ground out 4-3 (Groundball, 4, EV 79.4 MPH)
|
Bottom of the 7th over - 2 runs, 2 hits, 0 errors, 3 left on base; Florida 11 - Salt Lake City 9 |
TOP OF THE 8TH |
Florida Men batting - Pitching for Salt Lake City Buzz : RHP Gunner Hines
|
Now at 1B: Richello Mabait
|
|
Batting: LHB Duncan Witteman
|
0-0: Foul Ball, location: 2F 0-1: Fly out, F6 (Popup, 6MD, EV 73.1 MPH)
|
Batting: LHB Basava Puri
|
0-0: Called Strike 0-1: Foul Ball, location: 2F 0-2: Ball 1-2: Ball 2-2: SINGLE (Groundball, 6MD, EV 99.4 MPH)
|
Batting: RHB Marcos Alfaro
|
0-0: DOUBLE (Line Drive, 78D, EV 106.9 MPH) Basava Puri to third Runner from 3rd tries for Home, SAFE, no throw by LF
|
Batting: LHB Peter Metellus
|
0-0: Intentional Walk
|
Batting: RHB Chang-lit Min
|
0-0: Ball 1-0: Ball 2-0: Called Strike 2-1: Swinging Strike 2-2: Strikes out looking
|
Batting: LHB Jacques Viceronte
|
0-0: Ball 1-0: Called Strike 1-1: Ball 2-1: SINGLE (Groundball, 4S, EV 70.6 MPH) (infield hit) Marcos Alfaro to third Peter Metellus to second
|
Batting: RHB Matsudaira Sugahara
|
0-0: Ball 1-0: Swinging Strike 1-1: Foul Ball, location: 2F 1-2: Ball 2-2: SINGLE (Line Drive, 56D, EV 98.1 MPH) Marcos Alfaro scores Peter Metellus to third Jacques Viceronte to second
|
Batting: RHB Tristan Eikelenboom
|
0-0: Called Strike 0-1: Foul Ball, location: 2F 0-2: Ball 1-2: Ball 2-2: Foul Ball, location: 2F 2-2: Foul Ball, location: 2F 2-2: Ball 3-2: Base on Balls Peter Metellus scores Jacques Viceronte to third Matsudaira Sugahara to second
|
Batting: LHB Ronald Anderson
|
0-0: Swinging Strike 0-1: Ball 1-1: Swinging Strike 1-2: Ball 2-2: Fly out, F8 (Flyball, 8LS, EV 85.0 MPH)
|
Top of the 8th over - 3 runs, 4 hits, 0 errors, 3 left on base; Florida 14 - Salt Lake City 9 |
BOTTOM OF THE 8TH |
Salt Lake City Buzz batting - Pitching for Florida Men : RHP James Davis
|
Batting: RHB Fytor Ceia
|
0-0: Called Strike 0-1: Ball 1-1: Swinging Strike 1-2: Ball 2-2: Ball 3-2: Strikes out swinging
|
Batting: RHB Ernesto Rivera
|
0-0: Called Strike 0-1: Fly out, F9 (Line Drive, 9, EV 93.8 MPH)
|
Batting: RHB Cody Jaeckel
|
0-0: Ground out 6-3 (Groundball, 6D, EV 101.2 MPH)
|
Bottom of the 8th over - 0 runs, 0 hits, 0 errors, 0 left on base; Florida 14 - Salt Lake City 9 |
TOP OF THE 9TH |
Florida Men batting - Pitching for Salt Lake City Buzz : RHP Gunner Hines
|
Batting: LHB Duncan Witteman
|
0-0: Called Strike 0-1: Ground out 4-3 (Groundball, 4, EV 105.6 MPH)
|
Batting: LHB Basava Puri
|
0-0: Ball 1-0: Fly out, F7 (Flyball, 7S, EV 88.1 MPH)
|
Batting: RHB Marcos Alfaro
|
0-0: Ground out 6-3 (Groundball, 6, EV 110.0 MPH)
|
Top of the 9th over - 0 runs, 0 hits, 0 errors, 0 left on base; Florida 14 - Salt Lake City 9 |
BOTTOM OF THE 9TH |
Salt Lake City Buzz batting - Pitching for Florida Men : RHP James Davis
|
Batting: RHB Frank Simon
|
0-0: Called Strike 0-1: SOLO HOME RUN (Flyball, 9LD, EV 90.0 MPH), Distance : 346 ft
|
Pitching: RHP Joseph Merle
|
|
Batting: SHB Cheong-hun Kang
|
0-0: Ball 1-0: Called Strike 1-1: Ball 2-1: Ground out 4-3 (Groundball, 4, EV 80.0 MPH)
|
Batting: RHB Hui-ying Sun
|
0-0: Called Strike 0-1: Called Strike 0-2: Ball 1-2: Fly out, F8 (Flyball, 89S, EV 82.5 MPH)
|
Batting: LHB Orlando Casillas
|
0-0: Ball 1-0: Ball 2-0: Ball 3-0: Called Strike 3-1: Foul Ball, location: 2F 3-2: Fly out, F7 (Flyball, 7LS, EV 91.9 MPH)
|
Bottom of the 9th over - 1 run, 1 hit, 0 errors, 0 left on base; Florida 14 - Salt Lake City 10 |
|